 Dungeon Crawl Stone Soup version 0.29-a0-559-g359e09b9d1 (webtiles) character file.

Game seed: 6724497644407018347

2748 Bruhh the Ogre Mage (level 9, -2/72 HPs)
             Began as an Ogre Earth Elementalist on June 10, 2022.
             Was a Believer of Hepliaklqana.
             Slain by Pikel
             ... wielding a +1 whip of electrocution
              (16 damage)
             ... on level 7 of the Dungeon.
             The game lasted 00:09:12 (7774 turns).

Bruhh the Ogre Mage (Ogre Earth Elementalist)       Turns: 7774, Time: 00:09:13

Health: -2/72      AC:  3    Str: 14    XL:     9   Next: 68%
Magic:  1/23       EV:  9    Int: 20    God:    Hepliaklqana [**....]
Gold:   360        SH:  0    Dex:  9    Spells: 24/28 levels left

rFire   . . .      SeeInvis .   d - +2 dire flail (protect)
rCold   . . .      Faith    .   (shield currently unavailable)
rNeg    . . .      Spirit   .   b - +0 robe
rPois   .          Reflect  .   (helmet restricted)
rElec   .          Harm     .   (no cloak)
rCorr   .          Rampage  .   (gloves unavailable)
Will    .....                   (boots unavailable)
Stlth   +.........              (no amulet)
HPRegen 0.22/turn               (no ring)
MPRegen 0.18/turn               (no ring)

@: about to teleport
A: reduced essence, large, unfitting armour, tough skin 1
a: Renounce Religion, Recall Ancestor, Ancestor Identity


You were on level 7 of the Dungeon.
You worshipped Hepliaklqana.
Hepliaklqana was pleased with you.
You visited 1 branch of the dungeon, and saw 7 of its levels.

You collected 360 gold pieces.

Inventory:

Hand Weapons
 d - a +2 dire flail of protection (weapon)
 p - a +0 spear
Missiles
 m - 115 stones
Armour
 b - a +0 robe (worn)
Jewellery
 k - a ring of ice
 r - a +4 ring of protection
 w - a +4 ring of protection
Wands
 h - a wand of flame (21)
 j - a wand of acid (10)
Scrolls
 a - a scroll of noise
 e - 4 scrolls of vulnerability
 f - 2 scrolls of immolation
 n - a scroll of acquirement
 q - a scroll of brand weapon
 v - a scroll of blinking {unknown}
 x - 3 scrolls of identify
Potions
 c - 3 potions of lignification {unknown}
 g - 2 potions of attraction {unknown}
 i - 4 potions of flight {unknown}
 l - a potion of degeneration {unknown}
 o - a potion of curing
 s - a potion of ambrosia {unknown}
 t - a potion of magic


   Skills:
 - Level 3.0 Fighting
 - Level 1.7 Dodging
 - Level 1.4 Stealth
 - Level 10.0 Spellcasting
 + Level 7.2 Conjurations
 - Level 0.8 Transmutations
 - Level 5.0 Earth Magic


You had 24 spell levels left.
You knew the following spells:

 Your Spells              Type           Power      Damage    Failure   Level
a - Sandblast             Erth           60%        2d14      1%          1
b - Stone Arrow           Conj/Erth      68%        3d11      1%          3

Your spell library contained the following spells:

 Spells                   Type           Power      Damage    Failure   Level
 Passwall                 Tmut/Erth      17%        N/A       3%          2
 Apportation              Tloc           20%        N/A       7%          1
 Necrotize                Necr           40%        1d6       7%          1
 Slow                     Hex            40%        N/A       7%          1
 Summon Small Mammal      Summ           40%        N/A       7%          1
 Confusing Touch          Hex            10%        N/A       21%         3
 Vampiric Draining        Necr           10%        2d6       21%         3
 Petrify                  Tmut/Erth      21%        N/A       21%         4
 Fireball                 Conj/Fire      12%        3d7       41%         5
 Starburst                Conj/Fire      12%        6d5       94%         6
 Ignition                 Fire           5%         3d4       100%        8


Dungeon Overview and Level Annotations

Branches:
Dungeon (7/15)             Temple (0/1) D:6

Altars:
Elyvilon
Hepliaklqana
Uskayaw
Wu Jian

Annotations:
D:4 2 runed translucent doors, Querens's ghost, novice FoFi
D:7 Pikel


Innate Abilities, Weirdness & Mutations

Your life essence is reduced to manifest your ancestor. (-10% HP)
You are too large for most types of armour.
You have tough skin. (AC +1)


Message History

Confirm with . or Enter, or press ? or * to list all spells.
Okay, then.
Unknown command.
Casting: Sandblast (safe; 1% risk of failure)
Confirm with . or Enter, or press ? or * to list all spells.
Aiming: Stone Arrow (safe; 1% risk of failure)
Press: ? - help, Shift-Dir - straight line, f - Pikel
Aim: Pikel, wielding a +1 whip of electrocution and wearing a +1 robe of fire resistance (67% to hit)
The stone arrow misses Pikel.
Pikel says, "You'll make a fine lemure."
Unknown command.
Casting: Stone Arrow (safe; 1% risk of failure)
Confirm with . or Enter, or press ? or * to list all spells.
Aiming: Stone Arrow (safe; 1% risk of failure)
Press: ? - help, Shift-Dir - straight line, f/p - Pikel
Aim: Pikel, wielding a +1 whip of electrocution and wearing a +1 robe of fire resistance (67% to hit)
The stone arrow hits Pikel!
Pikel is moderately wounded.
The wight throws a stone.
The stone hits Oriana.
Oriana hits the wight with a +0 flail!
Casting: Stone Arrow (safe; 1% risk of failure)
Confirm with . or Enter, or press ? or * to list all spells.
You don't have enough magic to cast this spell.
Unknown command.
Unknown command.
As you read the scroll of teleportation, it crumbles to dust.
You feel strangely unstable.
Oriana blocks the wight's attack.
Pikel barely misses you.
Oriana closely misses the wight.
Oriana hits the wight with a +0 flail.
The wight barely misses Oriana.
Oriana blocks the lemure's attack.
Oriana misses the wight.
Pikel attacks as you move away!
Pikel hits you with a +1 whip of electrocution.
The wight hits Oriana but does no damage.
The lemure barely misses Oriana.
Oriana misses the wight.
Pikel attacks as you move away!
Pikel hits you with a +1 whip of electrocution!
* * * LOW HITPOINT WARNING * * *
You are electrocuted!
You die...

♣♣♣ ♣♣♣.♣♣♣ ♣♣#####
♣.....♣♣ ♣♣.....##
.......♣♣♣.......##
..≈≈≈...♣...≈≈≈.@.#
.≈≈≈≈≈.....≈≈≈≈≈K.##
.≈≈_≈≈.....≈≈♣≈≈...#
.≈≈≈≈≈.....≈≈≈≈≈...#
..≈≈≈...♣...≈≈≈....)...#
.......♣♣♣.......#.)...#
♣.....♣♣ ♣♣..zR.##.....#
♣♣♣.♣♣♣ ♣♣.55#.>.....#
♣♣♣ #..5. ......#


You could see the friendly Oriana the knight, Pikel, 2 lemures and a wight
(distracted, ally target).

Vanquished Creatures
  Maggie (D:7)
  A steam dragon (D:7)
  A water moccasin (D:6)
  3 black bears
  2 orc warriors
  An ice beast (D:6)
  2 sky beasts (D:6)
  An ogre (D:6)
  2 centaurs (D:7)
  A lemure (D:6)
  Blork the orc (D:6)
  2 phantoms
  A bullfrog (D:6)
  A scorpion (D:4)
  3 wights (D:7)
  2 howler monkeys (D:7)
  A jelly (D:7)
  2 hounds
  A gnoll shaman (D:4)
  2 orc priests
  An iguana (D:4)
  2 orc wizards
  3 gnolls (D:4)
  6 adders
  3 white imps
  An ufetubus (D:6)
  A worm (D:5)
  2 dart slugs
  16 orcs
  3 bats (D:2)
  6 endoplasms
  3 giant cockroaches
  7 goblins
  5 hobgoblins
  3 jackals (D:2)
  A quokka (D:3)
  9 ball pythons
  3 frilled lizards
  9 kobolds
  A rat (D:2)
116 creatures vanquished.

Vanquished Creatures (collateral kills)
  An ice beast (D:6)
  2 wights (D:7)
  2 jellies (D:6)
5 creatures vanquished.

Vanquished Creatures (others)
  An ancestor (D:6)
1 creature vanquished.

Grand Total: 122 creatures vanquished

Notes
Turn   | Place    | Note
-------+----------+-------------------------------------------
     0 | D:1      | Bruhh the Ogre Earth Elementalist began the quest for the
                  | Orb.
     0 | D:1      | Reached XP level 1. HP: 16/16 MP: 3/3
   342 | D:1      | Reached XP level 2. HP: 24/24 MP: 3/5
   613 | D:1      | Found a faded altar of an unknown god.
   833 | D:2      | Reached skill level 3 in Spellcasting
   878 | D:2      | Reached XP level 3. HP: 19/31 MP: 2/7
  1311 | D:2      | Reached XP level 4. HP: 34/39 MP: 4/9
  1851 | D:3      | Reached skill level 4 in Spellcasting
  2518 | D:2      | Reached XP level 5. HP: 22/45 MP: 6/11
  3353 | D:3      | Found a faded altar of an unknown god.
  3354 | D:3      | Found a faded altar of an unknown god.
  3356 | D:3      | Found a hazy altar of Hepliaklqana.
  3424 | D:3      | Found an ornate altar of the Wu Jian Council.
  3676 | D:3      | Became a worshipper of Hepliaklqana the Forgotten
  3771 | D:4      | Noticed a black bear
  3778 | D:4      | Reached skill level 5 in Spellcasting
  3778 | D:4      | Reached XP level 6. HP: 38/53 MP: 5/13
  3781 | D:4      | Killed a black bear
  3782 | D:4      | Reached skill level 5 in Earth Magic
  3782 | D:4      | Reached skill level 1 in Fighting
  3784 | D:4      | Found a large runed translucent door.
  3784 | D:4      | Found a large runed translucent door.
  4051 | D:4      | Noticed Querens's ghost (novice FoFi)
  4078 | D:4      | Reached XP level 7. HP: 67/67 MP: 1/15
  4082 | D:4      | Learned a level 3 spell: Stone Arrow
  4482 | D:4      | Reached skill level 1 in Conjurations
  4839 | D:5      | Entered Level 5 of the Dungeon
  4951 | D:5      | Reached * piety under Hepliaklqana
  5051 | D:5      | Reached skill level 6 in Spellcasting
  5516 | D:6      | Noticed Blork the orc
  5533 | D:6      | Reached skill level 7 in Spellcasting
  5533 | D:6      | Reached XP level 8. HP: 61/67 MP: 8/18
  5534 | D:6      | Killed Blork the orc
  5842 | D:6      | Found a staircase to the Ecumenical Temple.
  6009 | D:6      | Reached skill level 8 in Spellcasting
  6279 | D:6      | Reached skill level 5 in Conjurations
  6339 | D:6      | Identified the +1 scale mail of Dithmenos's Supremacy
                  | {rElec}
  6439 | D:6      | Reached ** piety under Hepliaklqana
  6440 | D:6      | Remembered your ancestor Oriana as a knight
  6577 | D:6      | Found a hide-covered altar of Uskayaw.
  6586 | D:6      | Reached skill level 9 in Spellcasting
  6586 | D:6      | Reached XP level 9. HP: 42/72 MP: 0/22
  6929 | D:7      | Noticed Pikel
  7723 | D:7      | Found a white marble altar of Elyvilon.
  7745 | D:7      | Noticed Maggie
  7750 | D:7      | Killed Maggie
  7751 | D:7      | Reached skill level 10 in Spellcasting
  7766 | D:7      | Identified a scroll of acquirement
  7774 | D:7      | Slain by Pikel

Illustrated notes

Levels and vault maps discovered:
D:1:      roderic_chinese_lattice_arrival, layout_loops_ring,
          shapermc_ecumenical_altar_gd, corexii_leaking_fountain
D:2:      layout_rooms, small_statue_intersection, kennysheep_generic_room_2
D:3:      layout_basic, nicolae_wu_jian_glorious_leap,
          nicolae_hepliaklqana_ecumenical_no_more, kennysheep_generic_room_7
D:4:      layout_basic, ebering_ghost_disaster_area
D:5:      layout_basic, chequers_serial_rivers_micro_c
D:6:      layout_loops_ring, lemuel_round_altar,
          minmay_temple_entry_drinking_statues, uniq_blork_the_orc
D:7:      nicolae_cairo_tiling_large_dashed, layout_rooms, elyvilon_altar_3,
          corner_web_ring, uniq_pikel, uniq_maggie

Skill      XL: |  1  2  3  4  5  6  7  8  9 |
---------------+----------------------------+-----
Earth Magic    | 3 4 5 |  5.0
Spellcasting   | 3 4 5 7 9 10 | 10.0
Fighting       | 3 |  3.0
Conjurations   | 3 5 7 |  7.2
Dodging        | |  1.7
Stealth        | |  1.4
Transmutations | |  0.8

Action                   |  1- 3 |  4- 6 |  7- 9 || total
-------------------------+-------+-------+-------++-------
Melee: Unarmed           |     3 |     6 |     1 ||    10
       Dire flail        |       |       |     2 ||     2
 Cast: Sandblast         |    37 |    84 |    11 ||   132
       Stone Arrow       |       |       |    82 ||    82
Invok: Ancestor Life: Kn |       |       |     1 ||     1
       Ancestor Identity |       |       |     1 ||     1
       Recall Ancestor   |       |       |     1 ||     1
  Use: Scroll            |     3 |     4 |     5 ||    12
       Potion            |     2 |     3 |     3 ||     8
 Stab: Sleeping          |     1 |       |       ||     1
Armor: Robe              |    18 |    25 |     5 ||    48
Dodge: Dodged            |    25 |    34 |    14 ||    73

Table legend: (Time is in decaauts)
 A = Elapsed time spent in this place.
 B = Non-inter-level travel time spent in this place.
 C = Inter-level travel time spent in this place.
 D = Time resting spent in this place.
 E = Time spent auto-exploring this place.
 F = Levels seen in this place.
 G = Mean time per level.
                   A        B        C        D        E       F      G
               +--------+--------+--------+--------+--------+-----+--------+
         Total |   7776 |   7417 |    359 |   1170 |   5475 |   7 | 1110.9 |
       Dungeon |   7776 |   7417 |    359 |   1170 |   5475 |   7 | 1110.9 |
               +--------+--------+--------+--------+--------+-----+--------+

Top non-repeatable levels by time:
     D:2: 1651 daAuts
     D:6: 1613 daAuts
     D:4: 1079 daAuts
     D:1: 1065 daAuts
     D:3: 1045 daAuts
     D:7: 690 daAuts
     D:5: 631 daAuts
